[Event "Late-Titled-Tuesday-Blitz-March-05-2024"]
[Site "Chess.com"]
[Date "2024.03.05"]
[Round "8"]
[White "MusicCityMaster"]
[Black "Bryanl106"]
[Result "0-1"]
[WhiteElo "2511"]
[BlackElo "2654"]
[TimeControl "180+1"]
[EndTime "15:25:59 PST"]
[Termination "Bryanl106 won by checkmate"]

1. e4 e5 2. Nf3 Nc6 3. Bb5 a6 4. Ba4 Nf6 5. O-O Be7 6. Re1 b5 7. Bb3 d6 8. c3 O-O 9. h3 a5 10.
d4 Bd7 11. Nbd2 h6 12. Nf1 Re8 13. Ng3 Bf8 14. Bc2 a4 15. a3 Na5 16. Be3 Nc4 17. Rb1 Qc8 18. d5 c6 19. dxc6 Bxc6 20.
Bc1 Qb7 21. Nh4 Rad8 22. Qd3 d5 23. exd5 Bxd5 24. Ngf5 Bxg2 25. Qg3 Be4 26. Bxe4 Nxe4 27. Qg2 Nc5 28. Nxh6+ Kh7 29. Qxb7 Nxb7 30. Nxf7 Rd7 31. Ng5+ Kg8 32. Ng6 Bc5 33. Ne4 Ba7 34. Bg5 Nba5 35. Rbd1 Rf7 36. Re2 Nb3 37. Rd5 Rf5 38. h4 Kh7 39. Rxb5 Kxg6 40. Rb7 Bb8 41. h5+ Kxh5 42. Rxg7 Rf3 43. Kg2 Nd6 44. Re1 Nxe4 45. Rh1+ Kg4 46. Rh4+ Kf5 47. Kxf3 Nxg5+ 48. Kg2 Ne6 49.
Rb7 Nbc5 50. Rb5 Rg8+ 51. Kf1 Bd6 52. Rb6 Be7 53. Rh5+ Rg5 54. Rxg5+ Bxg5 55. Ke2 Bc1 56. Rb5 Nb3 57. Kd1 Bxb2 58. Kc2 Bxa3 59. Rb8 Bd6 60. Ra8 Nbc5 61. c4 e4 62. Kc3 Be5+ 63.
Kb4 Kg4 64. Rg8+ Kf3 65. Rh8 Kxf2 66. Rh5 Bd4 67. Rf5+ Ke1 68. Rf1+ Kxf1 69. Kb5 e3 70. Kb4 e2 71. Ka3 e1=Q 72. Ka2 Qa1# 0-1

[Event "Late-Titled-Tuesday-Blitz-March-05-2024"]
[Site "Chess.com"]
[Date "2024.03.05"]
[Round "8"]
[White "VojtechPlat"]
[Black "mishanick"]
[Result "0-1"]
[WhiteElo "2872"]
[BlackElo "3083"]
[TimeControl "180+1"]
[EndTime "15:26:00 PST"]
[Termination "mishanick won on time"]

1. e4 c5 2. Nf3 e6 3. c3 d5 4. exd5 Qxd5 5. d4 Nf6 6. Be2 Nc6 7. O-O cxd4 8. cxd4 Be7 9. Nc3 Qd6 10. Bg5 O-O 11.
Rc1 Rd8 12. Nb5 Qd7 13. Ne5 Nxe5 14. dxe5 Nd5 15. Bxe7 Qxe7 16. Qb3 Qg5 17. Bf3 Qxe5 18. Rfe1 Qg5 19. Bxd5 exd5 20. Nc7 Rb8 21. Qxd5 Qxd5 22.
Nxd5 Be6 23. Nf4 Bxa2 24. Ra1 Bc4 25. Rxa7 Ba6 26. h3 Kf8 27. Re3 Rd1+ 28. Kh2 Rd2 29. Rf3 Rxb2 30. Ne6+ Ke7 31. Nc5 Bc4 32. Ra4 Bd5 33.
Re3+ Kd6 34. Ne4+ Kc7 35. Rd4 Bc6 36. f3 Re8 37. Rc3 f6 38. h4 Re5 39. Kg3 h5 40. Nc5 Ree2 41. Kf4 Rxg2 42. Ne6+ Kb6 43. Rd6 Rb4+ 44.
Ke3 Rb5 45. Nd4 Rc5 46. Rxc5 Kxc5 47. Rd8 Bd5 48. Rc8+ Kb4 49. Rd8 Bc4 50. Rd7 b5 51. Rb7 g5 52. Rh7 gxh4 53. Rxh5 Rh2 0-1

[Event "Late-Titled-Tuesday-Blitz-March-05-2024"]
[Site "Chess.com"]
[Date "2024.03.05"]
[Round "8"]
[White "GMAkobianSTL"]
[Black "Bykov_Egor"]
[Result "0-1"]
[WhiteElo "2804"]
[BlackElo "2619"]
[TimeControl "180+1"]
[EndTime "15:26:05 PST"]
[Termination "Bykov_Egor won on time"]

1. d4 Nf6 2. c4 g6 3. Nc3 Bg7 4. e4 d6 5. h3 O-O 6. Bg5 Nc6 7. d5 Ne5 8. f4 Ned7 9. Nf3 c6 10.
Bd3 h6 11. Bh4 Nc5 12. Bc2 Qb6 13. Rb1 a5 14. Bf2 cxd5 15. cxd5 Qa6 16. Bxc5 dxc5 17.
e5 Nh5 18. Ne2 g5 19. fxg5 hxg5 20. Qd3 Qxd3 21. Bxd3 Bh6 22. g4 Nf4 23. Nxf4 gxf4 24.
Kf2 Rd8 25. Rhd1 Bd7 26. Rbc1 Rac8 27. Bf5 c4 28. Bxd7 Rxd7 29. Rd4 b5 30. a4 bxa4 31. Rdxc4 Rxc4 32. Rxc4 Rxd5 33. Rxa4 Rb5 34. b3 Rxb3 35. Rxa5 Rb2+ 36. Kf1 e6 37. Ra4 Rb3 38. Kf2 Rb2+ 39.
Ke1 Rb3 40. Ke2 Rb2+ 41. Kd1 Rb3 42. Ke2 Rb2+ 43. Kf1 Rb3 44. Ng1 f3 45. g5 Bf8 46. Rc4 Bb4 47. h4 Ba5 48. Rc1 Bb6 49. Nh3 Rb2 50. Nf4 Rh2 51. Rc8+ Kh7 52. Ke1 f2+ 53. Ke2 Rh1 0-1

[Event "Late-Titled-Tuesday-Blitz-March-05-2024"]
[Site "Chess.com"]
[Date "2024.03.05"]
[Round "8"]
[White "Bekkedahl"]
[Black "hell3raiser"]
[Result "1-0"]
[WhiteElo "2224"]
[BlackElo "2380"]
[TimeControl "180+1"]
[EndTime "15:26:07 PST"]
[Termination "Bekkedahl won by checkmate"]

1. e4 e5 2. Nf3 Nc6 3. Bb5 a6 4. Ba4 Nf6 5. O-O Be7 6. Re1 b5 7. Bb3 d6 8. h3 O-O 9. c3 Nb8 10. d4 Nbd7 11. Nbd2 Bb7 12. Bc2 Re8 13. Nf1 Nf8 14.
Ng3 g6 15. Bg5 Ne6 16. Bh6 Nd7 17. Qd2 Bf6 18. Rad1 Qe7 19. d5 Nf4 20. Bxf4 exf4 21. Qxf4 Ne5 22. Nxe5 Bxe5 23. Qg4 Bc8 24. Qf3 Bd7 25. Re2 a5 26. b3 a4 27. b4 Rf8 28.
Qe3 Qh4 29. Rf1 Rae8 30. f4 Bg7 31. Qf3 h5 32. a3 c6 33. dxc6 Bxc6 34. f5 Be5 35.
Re3 Bxg3 36. Qxg3 Qxg3 37. Rxg3 Bxe4 38. Bxe4 Rxe4 39. fxg6 f6 40. Rf5 Re5 41. Rf4 Kg7 42.
c4 Rc8 43. cxb5 Rxb5 44. Re4 Rc7 45. Re6 Rd5 46. Rf3 Kxg6 47. Rfxf6+ Kg7 48. Rxd6 Rxd6 49. Rxd6 Rc3 50. Ra6 Rxa3 51. Kh2 h4 52. Ra5 Kg6 53. b5 Ra1 54. b6 a3 55. Rb5 a2 56. b7 Rh1+ 57. Kxh1 a1=Q+ 58. Kh2 Qc1 59. b8=Q Kg7 60. Qb7+ Kf6 61. Rb6+ Ke5 62. Qe7+ Kd5 63. Rd6+ Kc5 64. Qc7+ Kb5 65. Rb6+ Ka5 66. Qa7# 1-0

[Event "Late-Titled-Tuesday-Blitz-March-05-2024"]
[Site "Chess.com"]
[Date "2024.03.05"]
[Round "8"]
[White "Shtembuliak"]
[Black "Oleksandr_Bortnyk"]
[Result "1-0"]
[WhiteElo "2875"]
[BlackElo "2999"]
[TimeControl "180+1"]
[EndTime "15:26:08 PST"]
[Termination "Shtembuliak won on time"]

1. c4 Nf6 2. Nc3 b6 3. Nf3 Bb7 4. d4 g6 5. g3 Bg7 6. Bg2 O-O 7. O-O Ne4 8. Bd2 Re8 9. Nxe4 Bxe4 10. Bc3 d5 11.
Qa4 c6 12. Rac1 a5 13. a3 e6 14. Rfd1 dxc4 15. Qxc4 b5 16. Qb3 Nd7 17. Be1 Bh6 18.
Bd2 Bxd2 19. Nxd2 a4 20. Qc3 Bxg2 21. Kxg2 Rc8 22. Ne4 Nf6 23. Nxf6+ Qxf6 24. Qf3 Kg7 25. Qxf6+ Kxf6 26. f4 Red8 27. Rd3 Ke7 28. Kf3 f5 29.
Ke3 Rd6 30. Rdc3 Kd7 31. Kd3 Rb8 32. e3 h6 33. h4 Kc7 34. Rc5 Kb6 35. Kc3 g5 36.
hxg5 hxg5 37. Rh1 Rg8 38. Rh6 gxf4 39. gxf4 Rd5 40. Rxe6 Rxc5+ 41. dxc5+ Kxc5 42. Re5+ Kd6 43. Rxf5 Rg2 44. e4 Re2 45. Rf6+ Kc5 46. Rf5+ Kd6 47. e5+ Kd5 48. Rf6 Re3+ 49. Kd2 Rf3 50. Ke2 Rb3 51. Rd6+ Ke4 52. e6 Kxf4 53. Rxc6 Rxb2+ 54. Kd3 Rb3+ 55. Kd4 Re3 56. Kd5 1-0

[Event "Late-Titled-Tuesday-Blitz-March-05-2024"]
[Site "Chess.com"]
[Date "2024.03.05"]
[Round "8"]
[White "janhelmer03"]
[Black "TheMagician"]
[Result "1-0"]
[WhiteElo "2392"]
[BlackElo "2211"]
[TimeControl "180+1"]
[EndTime "15:26:08 PST"]
[Termination "janhelmer03 won on time"]

1. Nf3 d5 2. e3 c6 3. c4 Nf6 4.
Nc3 h6 5. Be2 g6 6. O-O Bg7 7.
b3 O-O 8. Bb2 Ne4 9. Qc2 Nxc3 10. Bxc3 Bxc3 11. Qxc3 Bg4 12. h3 Bxf3 13. Bxf3 e6 14. d4 Nd7 15. e4 dxe4 16. Bxe4 Qh4 17. Bf3 Qf6 18. Rad1 Rfd8 19. Qb4 Rab8 20. Rfe1 a6 21.
a4 Kg7 22. a5 h5 23. Qd6 Nf8 24. Qe5 Rbc8 25. Qxf6+ Kxf6 26. b4 Rd7 27. d5 exd5 28.
cxd5 cxd5 29. Rxd5 Rc4 30. Rxd7 Nxd7 31. Bxb7 Rxb4 32.
Bxa6 Nc5 33. Rc1 Nxa6 34. Rc6+ Kf5 35. Rxa6 Rb1+ 36. Kh2 h4 37. Ra7 f6 38. a6 Rb2 39.
f3 Ra2 40. Ra8 g5 41. a7 Ra1 42. Rb8 Rxa7 43. Rb5+ Kg6 44. Kg1 Rf7 45. Kf2 Rf8 46. f4 Rf7 47. f5+ Kg7 48. Kf3 Rc7 49. Kg4 Kh6 50.
Rb6 1-0

[Event "Late-Titled-Tuesday-Blitz-March-05-2024"]
[Site "Chess.com"]
[Date "2024.03.05"]
[Round "8"]
[White "Rodalquilar"]
[Black "yaguigor"]
[Result "1-0"]
[WhiteElo "2785"]
[BlackElo "2566"]
[TimeControl "180+1"]
[EndTime "15:26:09 PST"]
[Termination "Rodalquilar won by resignation"]

1. d4 d5 2. Nf3 Nf6 3. Bf4 c5 4. e3 Nc6 5. c3 Qb6 6. Qc2 Bf5 7. dxc5 Bxc2 8. cxb6 axb6 9. Na3 Rxa3 10. bxa3 e5 11.
Nxe5 Bxa3 12. Bb5 O-O 13. f3 Bb2 14. Kd2 Bf5 15. Bxc6 Bxa1 16. Rxa1 bxc6 17. Nxc6 Bd7 18. Nb8 Ba4 19. Rb1 b5 20. Nc6 Re8 21. g4 h6 22.
h4 Nd7 23. Nd4 Nb6 24. Nxb5 Nc4+ 25. Kd3 Ne5+ 26. Bxe5 Rxe5 27. Nd4 Re8 28. Rb4 Bd7 29. Rb7 Rd8 30. Ra7 Kf8 31. a4 Ke8 32. a5 Rb8 33. a6 Rb2 34. Rb7 Ra2 35. a7 Ke7 36. Nf5+ Ke6 37. Nxg7+ Kd6 38. Rb6+ Kc5 39. Rxh6 Bb5+ 40.
c4 Bxc4+ 41. Kc3 Rxa7 42. Nf5 Ra3+ 43. Kd2 Ra2+ 44. Ke1 Bd3 45. Nd4 Rh2 46. h5 Kb4 47.
Rc6 Bc4 48. h6 Kc3 49. Nf5 Kd3 50. Kf1 d4 51. exd4 Bd5 52. Kg1 Rh3 53. Ra6 Bxf3 54. Ra3+ Ke4 55. Nd6+ Kf4 56. Nxf7 Kg3 57. Rxf3+ Kxf3 58.
Ng5+ Kxg4 59. Nxh3 1-0

[Event "Late-Titled-Tuesday-Blitz-March-05-2024"]
[Site "Chess.com"]
[Date "2024.03.05"]
[Round "8"]
[White "Sokoloco"]
[Black "Elsa167"]
[Result "1-0"]
[WhiteElo "2795"]
[BlackElo "2887"]
[TimeControl "180+1"]
[EndTime "15:26:10 PST"]
[Termination "Sokoloco won on time"]

1. b3 a5 2. Bb2 a4 3. b4 e5 4.
a3 d6 5. g3 g6 6. Bg2 Bg7 7.
c4 f5 8. e3 Nf6 9. Ne2 O-O 10.
O-O Qe8 11. Nbc3 e4 12. d3 exd3 13. Qxd3 Nc6 14. Nb5 Qf7 15. Nf4 Ne5 16. Qc2 Kh8 17.
Nd5 Ne8 18. f4 Ng4 19. h3 Ngf6 20. Rad1 Be6 21. Nxf6 Bxf6 22. Bxb7 Rb8 23. Bc6 Bxb2 24. Qxb2+ Ng7 25. Bd5 Bxd5 26. Rxd5 Rfe8 27. Qc3 Re7 28. Rd3 Rbe8 29. c5 d5 30. c6 Kg8 31. Qc5 Nh5 32.
Kf2 Nf6 33. Nc3 d4 34. Qxd4 Qb3 35. Nd5 Nxd5 36. Qxd5+ Qxd5 37. Rxd5 Rxe3 38. Rd7 Rxa3 39. Re1 Ra2+ 40. Kf1 Rxe1+ 41. Kxe1 a3 42. Rxc7 Rc2 43.
Ra7 Rxc6 44. Rxa3 Rc2 45. Rb3 Kf7 46. b5 Ke7 47. b6 Rc8 48. Ke2 Kd6 49. Kd3 Rd8 50.
Kc4 Kc6 51. b7 Rb8 52. Kd4 Kd6 53. Rb6+ Kc7 54. Kc5 h6 55. h4 g5 56. Rxh6 gxf4 57. gxf4 Kxb7 58. Rb6+ 1-0

[Event "Late-Titled-Tuesday-Blitz-March-05-2024"]
[Site "Chess.com"]
[Date "2024.03.05"]
[Round "8"]
[White "JaackCamel"]
[Black "cristiano78"]
[Result "0-1"]
[WhiteElo "2190"]
[BlackElo "2283"]
[TimeControl "180+1"]
[EndTime "15:26:10 PST"]
[Termination "cristiano78 won by resignation"]

1. d4 Nf6 2. c4 g6 3. Nc3 Bg7 4. e4 d6 5. Nf3 O-O 6. Be2 e5 7. Be3 Ng4 8. Bg5 f6 9. Bh4 Nc6 10. d5 Ne7 11. Nd2 Nh6 12. f3 f5 13. b4 Nf7 14. c5 g5 15. Bf2 Ng6 16. Nc4 a6 17. cxd6 Nxd6 18. Nxd6 cxd6 19. Na4 Nf4 20. Rg1 fxe4 21.
fxe4 Qf6 22. Be3 Qg6 23. Qc2 Nxe2 24. Kxe2 Bg4+ 25. Kd2 Rac8 26. Qd3 Rc7 27. Rac1 Rcf7 28. Nc3 h5 29. Rgf1 Bd7 30. Rxf7 Rxf7 31. Rf1 g4 32.
Rxf7 Kxf7 33. a4 Bh6 34. b5 Bxe3+ 35. Qxe3 axb5 36. Nxb5 Bxb5 37. axb5 Qf6 38. Kd3 Qf1+ 39. Qe2 Qb1+ 40. Kc3 Qa1+ 41. Kb4 Qd4+ 42. Kb3 b6 43.
Kc2 Kg6 44. Kb3 Kg5 45. g3 h4 46. Kc2 hxg3 47. hxg3 Qc5+ 48. Kb3 Kh5 49. Kb2 Qb4+ 50.
Kc2 Qa4+ 51. Kc3 Qa3+ 52. Kc4 Qxg3 53. Kb4 Qf3 54. Qh2+ Kg5 55. Qh8 Qxe4+ 56. Kb3 Qxd5+ 57. Kc2 Qxb5 58. Qd8+ Kf4 59. Qxd6 Qc5+ 0-1

[Event "Late-Titled-Tuesday-Blitz-March-05-2024"]
[Site "Chess.com"]
[Date "2024.03.05"]
[Round "8"]
[White "Njal28"]
[Black "AlexeiShirov"]
[Result "1/2-1/2"]
[WhiteElo "3005"]
[BlackElo "2874"]
[TimeControl "180+1"]
[EndTime "15:26:13 PST"]
[Termination "Game drawn - insufficient material"]

1. d4 d5 2. c4 c6 3. Nf3 Nf6 4. Nc3 e6 5. g3 dxc4 6. Bg2 b5 7. Ne5 a6 8. O-O Bb7 9. b3 b4 10. Ne4 Nxe4 11. Bxe4 c3 12. a3 a5 13. Qd3 f5 14.
Bf3 Be7 15. axb4 axb4 16. Rxa8 Bxa8 17. Qc4 Qc8 18. Bf4 Bb7 19. Ra1 O-O 20. e4 c5 21.
dxc5 fxe4 22. Bxe4 Bxe4 23. Qxe4 Qxc5 24. Rd1 Rc8 25.
Nd7 Qc6 26. Qxc6 Nxc6 27. Nb6 Rd8 28. Re1 Nd4 29. Kg2 c2 30. Rc1 Bc5 31. Nc4 Ra8 32. Be5 Ra2 33. Ne3 Nxb3 34. Rxc2 Rxc2 35. Nxc2 Na5 36. Ne1 b3 37. Nd3 Ba3 38. Bb2 Nc4 39. Bxa3 Nxa3 40. Nb2 Kf7 41. Kf3 Ke7 42. Ke4 Kd6 43.
Kd4 Nb5+ 44. Kc4 Kc6 45. Kxb3 Kd5 46. Kc2 Ke4 47. Kd2 Kf3 48. Ke1 Kg2 49. h4 Nd4 50.
Nd3 Nf3+ 51. Ke2 e5 52. Ke3 h5 53. Ke4 g5 54. hxg5 Nxg5+ 55. Kxe5 Nh3 56. f4 Kxg3 57.
f5 h4 58. f6 Ng5 59. Kf5 Nf7 60. Ne5 Nxe5 61. Kxe5 h3 62. f7 h2 63. f8=Q h1=Q 64.
Qf4+ Kg2 65. Qe4+ Kg1 66. Qe1+ Kg2 67. Qe2+ Kg1 68. Kf4 Qh2+ 69. Kf3 Qxe2+ 70. Kxe2 1/2-1/2

[Event "Late-Titled-Tuesday-Blitz-March-05-2024"]
[Site "Chess.com"]
[Date "2024.03.05"]
[Round "8"]
[White "HajiyevKanan"]
[Black "Rutricks"]
[Result "0-1"]
[WhiteElo "2552"]
[BlackElo "2728"]
[TimeControl "180+1"]
[EndTime "15:26:14 PST"]
[Termination "Rutricks won by resignation"]

1. d4 g6 2. Nf3 Bg7 3. g3 Nf6 4. Bg2 O-O 5. O-O d6 6. b3 Nbd7 7. Bb2 c5 8. c4 Rb8 9. Nc3 a6 10. a4 b6 11. d5 Ne8 12. Qc2 Nc7 13. e4 b5 14. axb5 axb5 15. Nd1 f6 16. Ra7 Na6 17. Bh3 Ne5 18. Nxe5 Bxh3 19. Nc6 Qb6 20. Re1 e5 21.
Nxb8 Qxa7 22. Nc6 Qb6 23. Nc3 bxc4 24. bxc4 Nb4 25. Qb3 Ra8 26. Ba3 Nxd5 27. Qxb6 Nxb6 28. Nb5 Nxc4 29. Bc1 Bd7 30. Nc7 Ra1 31. Ne7+ Kf7 32.
Ned5 Bh6 33. Bd2 Rxe1+ 34. Bxe1 f5 35. f3 fxe4 36. fxe4 Be3+ 37. Kg2 Bd4 38. Bf2 Nd2 39. Na6 Nxe4 40. Ndc7 Bc6 41. Nb8 Nxf2+ 42. Nxc6 Be3 43. Kf3 Nd1 44. Nd5 Bg1 45. h4 Ke6 46. Nb6 Nc3 47.
Na5 Bd4 48. Nbc4 e4+ 49. Kf4 d5 50. Nb6 Ne2+ 51. Kg4 Be5 52. Nc6 Nxg3 53. Nxe5 Kxe5 54. Kxg3 c4 55. Kf2 c3 56. Ke3 d4+ 57. Ke2 d3+ 58. Ke3 c2 59. Kd2 Kd4 60. Na4 e3+ 61. Kc1 e2 62. Kd2 e1=Q+ 0-1

[Event "Late-Titled-Tuesday-Blitz-March-05-2024"]
[Site "Chess.com"]
[Date "2024.03.05"]
[Round "8"]
[White "andrzej"]
[Black "IngOscarArdila"]
[Result "1-0"]
[WhiteElo "2487"]
[BlackElo "2322"]
[TimeControl "180+1"]
[EndTime "15:26:14 PST"]
[Termination "andrzej won on time"]

1. e4 e5 2. Nf3 Nf6 3. Nxe5 d6 4. Nf3 Nxe4 5. d4 Be7 6. Bd3 d5 7. O-O Nc6 8. Nbd2 Nf6 9. c3 Bg4 10. Qb3 Na5 11. Qa4+ Nc6 12. Ne5 Bd7 13. Nxd7 Qxd7 14. Bb5 O-O 15. Nf3 Bd6 16. Ne5 Bxe5 17. dxe5 Ne4 18. Rd1 Nc5 19. Qh4 a6 20. Bc4 Ne7 21. Be3 Ne6 22. Bd3 Ng6 23. Qh5 Rfe8 24. f4 Nef8 25.
c4 c6 26. Bf5 Qd8 27. Rd2 Qc7 28. cxd5 cxd5 29. Rxd5 Rad8 30. Rxd8 Rxd8 31. Qf3 Nh4 32.
Qe4 Nxf5 33. Qxf5 Qc6 34. Rc1 Qb5 35. Qc2 Ne6 36. f5 Qxe5 37. Re1 Nf8 38. Bf2 Qd6 39. h3 Qd5 40. Qb1 Qd3 41. Kh2 f6 42. Bg3 Qxb1 43. Rxb1 Rd2 44. a3 Nd7 45. b4 Kf7 46.
Rc1 g6 47. Rc7 gxf5 48. Rxb7 Ke6 49. a4 Rd4 50. b5 axb5 51. axb5 Nc5 52. Rb6+ Kf7 53.
Bf2 Rc4 54. Rc6 1-0

[Event "Late-Titled-Tuesday-Blitz-March-05-2024"]
[Site "Chess.com"]
[Date "2024.03.05"]
[Round "8"]
[White "Igor_Lysyj"]
[Black "Sanan_Sjugirov"]
[Result "0-1"]
[WhiteElo "2838"]
[BlackElo "2998"]
[TimeControl "180+1"]
[EndTime "15:26:15 PST"]
[Termination "Sanan_Sjugirov won on time"]

1. d4 d5 2. c4 e6 3. Nf3 Nf6 4. g3 Bb4+ 5. Bd2 Be7 6. Bg2 O-O 7. O-O c6 8. Qc2 b6 9. cxd5 cxd5 10. Ne5 Bb7 11. Rc1 Ne4 12. Be1 Bd6 13. Nd2 Nxd2 14. Bxd2 Bxe5 15. dxe5 Nc6 16. Bf4 Rc8 17. Qa4 Qd7 18. Qa3 Nd4 19. Qd3 Nc6 20. a3 Rc7 21. Rc2 Rfc8 22. Rac1 h6 23. h4 Na5 24. h5 Nc4 25. Qd4 Na5 26. Rxc7 Rxc7 27.
g4 Rxc1+ 28. Bxc1 Qc7 29. Bf4 Qc2 30. Bf3 Ba6 31. e4 Nc6 32. Qd1 Qxd1+ 33. Bxd1 dxe4 34. f3 exf3 35. Bxf3 Na5 36. Bc1 Bd3 37. Kf2 Nc4 38. Bf4 Nxb2 39. Ke3 Ba6 40. Kd4 Na4 41. g5 hxg5 42.
Bxg5 Nc5 43. Be7 Bb7 44. Be2 Nb3+ 45. Kc3 Na5 46. Bd6 Bd5 47. Bb8 Nc6 48. Bd6 f6 49.
exf6 gxf6 50. h6 Kh7 51. Bf8 Be4 52. Bg7 f5 53. Bb5 Ne7 54. Kd4 Ng8 55. Bd7 Nxh6 0-1

[Event "Late-Titled-Tuesday-Blitz-March-05-2024"]
[Site "Chess.com"]
[Date "2024.03.05"]
[Round "8"]
[White "Tugrik1969"]
[Black "sonson28291"]
[Result "1/2-1/2"]
[WhiteElo "2402"]
[BlackElo "2270"]
[TimeControl "180+1"]
[EndTime "15:26:18 PST"]
[Termination "Game drawn by repetition"]

1. d4 Nf6 2. c4 c5 3. d5 b5 4.
Nd2 g6 5. e4 d6 6. b3 Bg7 7. Bb2 O-O 8. Ngf3 Nbd7 9. Bd3 Qc7 10. Qc2 b4 11. h3 a5 12. a3 bxa3 13. Rxa3 Nh5 14. Bxg7 Kxg7 15. Qc3+ Kg8 16. O-O Nf4 17. Rfa1 Nf6 18. Bf1 e5 19. Rxa5 Rxa5 20. Qxa5 Qb8 21. Qb5 Qc7 22. Qc6 Qxc6 23. dxc6 Be6 24. Nb1 Nxe4 25.
g3 Nxh3+ 26. Bxh3 Bxh3 27. Na3 Rc8 28. Nb5 Rxc6 29. Ra8+ Kg7 30. Rd8 h6 31. Nh4 g5 32.
Ng2 Nd2 33. Nxd6 Nf3+ 34. Kh1 Ra6 35. Ne8+ Kf8 36. Nc7+ Ke7 37. Re8+ Kd7 38. Nxa6 Kxe8 39. Nxc5 Ke7 40. Ne3 Nd4 41. b4 Kd6 42. Ne4+ Kc7 43. g4 f5 44. Nxf5 Nxf5 45. gxf5 Bxf5 46. Nc3 Bd3 47.
c5 Kc6 48. Kh2 h5 49. Kg3 Bf5 50. Kf3 h4 51. Kg2 g4 52. Kh2 Bd3 53. Kg1 e4 54. Kh2 Bc2 55. Kg1 Bd3 56. Kh2 Kd7 57. Kg1 Kc6 1/2-1/2

[Event "Late-Titled-Tuesday-Blitz-March-05-2024"]
[Site "Chess.com"]
[Date "2024.03.05"]
[Round "8"]
[White "BilicVladimir"]
[Black "tolimachess"]
[Result "1/2-1/2"]
[WhiteElo "2621"]
[BlackElo "2457"]
[TimeControl "180+1"]
[EndTime "15:26:20 PST"]
[Termination "Game drawn - insufficient material"]

1. Nf3 Nf6 2. c4 c5 3. d4 cxd4 4. Nxd4 g6 5. g3 Bg7 6. Bg2 Nc6 7. O-O O-O 8. Nc2 b6 9. Nc3 Bb7 10. b3 d6 11. Bb2 Qd7 12. Nd5 Nxd5 13. Bxg7 Kxg7 14. cxd5 Ne5 15. Nd4 Rac8 16. h3 Rc3 17. Rc1 Rfc8 18. Qd2 Rxc1 19. Rxc1 Qd8 20. f4 Nd7 21. Nc6 Bxc6 22. dxc6 Nf6 23. b4 a6 24. a4 b5 25. axb5 Qb6+ 26. Kh2 axb5 27. Qc3 Rc7 28.
e4 e5 29. fxe5 dxe5 30. Qc5 Qxc5 31. Rxc5 Kf8 32. Kg1 h5 33. Kf2 Ne8 34. Ke3 Nd6 35. Bf1 f6 36. g4 hxg4 37. hxg4 g5 38. Bxb5 Nxb5 39. Rxb5 Rxc6 40. Rc5 Rb6 41. b5 Ke7 42.
Kd3 Rd6+ 43. Ke3 Kd7 44. Rd5 Kc7 45. Kd3 Re6 46. Kc4 Re8 47. Kc5 Re6 48. Rd1 Re8 49.
b6+ Kb8 50. Rd6 Rc8+ 51. Rc6 Rf8 52. Re6 Rc8+ 53. Kd6 Rc4 54. Kd5 Rd4+ 55. Kc6 Rc4+ 56. Kd7 Rxe4 57. Kc6 Rc4+ 58. Kb5 Rxg4 59. Rxf6 Rd4 60.
Kc5 Rd1 61. Rg6 e4 62. Rxg5 e3 63. Re5 Rc1+ 64. Kb5 Rb1+ 65. Kc6 Rc1+ 66. Kd5 Rd1+ 67. Kc6 Rc1+ 68. Kb5 Rb1+ 69. Kc4 Rc1+ 70. Kd3 Rd1+ 71. Ke2 Rd6 72. Kxe3 Kb7 73. Ke4 Kxb6 74. Rg5 Kc6 75. Ke5 Rd5+ 76. Kf4 Rxg5 77. Kxg5 1/2-1/2

[Event "Late-Titled-Tuesday-Blitz-March-05-2024"]
[Site "Chess.com"]
[Date "2024.03.05"]
[Round "8"]
[White "BabageldiAnnaberdiyev"]
[Black "Cambek64"]
[Result "1/2-1/2"]
[WhiteElo "2620"]
[BlackElo "2482"]
[TimeControl "180+1"]
[EndTime "15:26:20 PST"]
[Termination "Game drawn - insufficient material"]

1. e4 e6 2. d4 d5 3. e5 c5 4. c3 Nc6 5. Nf3 Bd7 6. a3 Nge7 7. b4 cxd4 8. cxd4 Nf5 9. Bb2 Be7 10. Bd3 O-O 11.
O-O a6 12. Nbd2 Na7 13. Nb3 Bb5 14. Rc1 Bxd3 15. Qxd3 Qd7 16. Nc5 Bxc5 17. Rxc5 Rfc8 18. g4 Ne7 19. Ng5 Ng6 20. f4 h6 21. Nh3 b6 22.
Rxc8+ Nxc8 23. f5 Nf8 24. g5 exf5 25. gxh6 g6 26. Kh1 Ne6 27. Rg1 Ne7 28. Bc1 Kh7 29. Bg5 b5 30. Bf6 Rc8 31. Qf3 Rc4 32. Rd1 Nc6 33. Nf4 Rxd4 34. Rxd4 Ncxd4 35. Qxd5 Qxd5+ 36. Nxd5 Kxh6 37. Kg2 Nc2 38. Be7 Nxa3 39. Nf6 Nc4 40. Bd6 Kg7 41. Ne8+ Kg8 42. Nf6+ Kh8 43. Kg3 Kg7 44.
Ne8+ Kh6 45. Nf6 Nxd6 46. exd6 Nd8 47. Nd5 Kg7 48. Nc7 f6 49. Nxa6 Kf7 50. Nc7 Nb7 51. Nxb5 Ke6 52. h4 Nxd6 53. Nc7+ Ke5 54. b5 Nc8 55. h5 gxh5 56. Na8 f4+ 57. Kf3 Nd6 58. b6 f5 59. Nc7 h4 60. Kg2 Ke4 61. Ne6 f3+ 62.
Kf2 Nb7 63. Ng5+ Kd5 64. Nxf3 Kc6 65. Nxh4 Kxb6 66. Nxf5 1/2-1/2

[Event "Late-Titled-Tuesday-Blitz-March-05-2024"]
[Site "Chess.com"]
[Date "2024.03.05"]
[Round "8"]
[White "Harsha_Bharathakoti"]
[Black "Alphafischer2019"]
[Result "1/2-1/2"]
[WhiteElo "2952"]
[BlackElo "2738"]
[TimeControl "180+1"]
[EndTime "15:26:22 PST"]
[Termination "Game drawn - insufficient material"]

1. d4 Nf6 2. Bg5 g6 3. Bxf6 exf6 4. e3 Bg7 5. g3 h5 6. h4 O-O 7. Bg2 d6 8. c4 a5 9. Nc3 f5 10. Nge2 Nd7 11. a3 Nf6 12. O-O c6 13. b4 Re8 14. b5 Bd7 15. Rb1 Rc8 16. bxc6 bxc6 17. Nf4 Qc7 18. Na4 Rb8 19. c5 Ne4 20. Qc2 Rb5 21.
cxd6 Qxd6 22. Nc3 Rxb1 23. Rxb1 Qxa3 24. Nxe4 fxe4 25. Bxe4 Qd6 26. Rc1 a4 27. Bd3 a3 28.
Bc4 Kf8 29. Qa2 Qe7 30. Rb1 Bf5 31. Rb6 c5 32. Qxa3 cxd4 33. Rb7 Qxa3 34. Rxf7+ Kg8 35. Ra7+ Kh7 36. Rxa3 dxe3 37. fxe3 Rc8 38. Bd3 Bxd3 39. Rxd3 Rc6 40. Kf2 Kh6 41. Kf3 Be5 42. Rd5 Bxf4 43.
gxf4 Kg7 44. f5 gxf5 45. Rxf5 Kg6 46. Rg5+ Kh6 47. e4 Rc3+ 48. Kf4 Rh3 49. e5 Rxh4+ 50.
Kf5 Rh1 51. Rg8 Rf1+ 52. Ke6 h4 53. Kd7 Rd1+ 54. Ke7 Kh5 55. e6 h3 56. Kf6 Kh4 57.
e7 Rf1+ 58. Kg6 Rg1+ 59. Kf7 Rf1+ 60. Ke6 Re1+ 61. Kf6 Rf1+ 62. Ke6 Re1+ 63. Kd6 Rd1+ 64. Kc5 Re1 65. e8=Q Rxe8 66. Rxe8 h2 67. Rh8+ Kg3 68. Rxh2 Kxh2 1/2-1/2

[Event "Late-Titled-Tuesday-Blitz-March-05-2024"]
[Site "Chess.com"]
[Date "2024.03.05"]
[Round "8"]
[White "xasid81"]
[Black "CarlosjPineror"]
[Result "1-0"]
[WhiteElo "2580"]
[BlackElo "2730"]
[TimeControl "180+1"]
[EndTime "15:26:22 PST"]
[Termination "xasid81 won on time"]

1. Nf3 Nf6 2. d4 e6 3. Bf4 b6 4. e3 Bb7 5. Nbd2 Nh5 6. Bg3 Nxg3 7. hxg3 Be7 8. Bd3 h6 9. Qe2 d6 10. c3 a6 11. a4 Nd7 12. Be4 c6 13. g4 Nf6 14. g5 Nxe4 15. Nxe4 d5 16. Ng3 Bxg5 17. Nxg5 Qxg5 18. a5 b5 19. b4 Bc8 20. Qh5 Qxh5 21.
Nxh5 Kf8 22. f4 f6 23. Kf2 Bd7 24. Ng3 Be8 25. Ne2 Bg6 26. Nc1 Be4 27. Nb3 Ke7 28. Nc5 Bf5 29. Rh4 h5 30. Rah1 g6 31. Re1 Kd6 32.
Nb7+ Kc7 33. Nc5 Rh7 34. Rg1 Rhh8 35. Re1 g5 36. Rh2 Kd6 37. g3 h4 38. gxh4 gxh4 39. Rg1 Rh7 40. Rgh1 h3 41. Rg1 e5 42. fxe5+ fxe5 43. Rg5 Rf8 44. Kg3 exd4 45. exd4 Be4 46.
Re2 Rf3+ 47. Kh2 Rxc3 48. Rf2 Rf3 49. Rxf3 Bxf3 50. Nxa6 Bg2 51. Nc5 Rf7 52. Rg6+ Kc7 53. a6 Kb6 54. Rg8 Ka7 55. Rg6 Kb6 56. Rg8 Ka7 57.
Rc8 Kb6 58. Rb8+ Ka7 59. Re8 Kb6 60. Re6 Rf1 61. Re7 Rh1+ 62. Kg3 1-0

[Event "Late-Titled-Tuesday-Blitz-March-05-2024"]
[Site "Chess.com"]
[Date "2024.03.05"]
[Round "8"]
[White "AccioChess"]
[Black "WilsonPalencia21"]
[Result "1-0"]
[WhiteElo "2425"]
[BlackElo "2560"]
[TimeControl "180+1"]
[EndTime "15:26:27 PST"]
[Termination "AccioChess won on time"]

1. e4 c5 2. Nf3 d6 3. d4 cxd4 4. Nxd4 Nf6 5. Nc3 g6 6. Be3 Bg7 7. f3 O-O 8. Qd2 Nc6 9. O-O-O Nxd4 10. Bxd4 Be6 11. h4 Qa5 12. h5 Rfc8 13. hxg6 fxg6 14. a3 Bf7 15. Nb5 Qxd2+ 16. Rxd2 a6 17. Nc3 h5 18.
Kb1 Bh6 19. Rd1 e5 20. Bf2 Bf8 21. a4 Nd7 22. Nd5 Kg7 23. a5 Nf6 24. Nb6 g5 25. Be3 Kg6 26. Be2 h4 27. Nxa8 Rxa8 28. Rdg1 Nh5 29. Rd1 Ng3 30. Rhe1 Be7 31. Bd3 Be6 32. c4 Rc8 33. b3 Kf6 34. Kb2 Bd8 35. Bd2 Be7 36. Bb4 g4 37. fxg4 Bxg4 38. Rd2 Ke6 39. Bc2 Rc6 40. Bd1 Bxd1 41. Rdxd1 Bg5 42. Rd3 Bf4 43. Bd2 Rc5 44. Bxf4 exf4 45. Red1 Nxe4 46.
Rh3 Rh5 47. Rdh1 Ng3 48. Rxh4 Re5 49. Rh6+ Kd7 50. Rd1 Nf5 51. Rh7+ Kc6 52. Rd2 Ne3 53. Rf7 Re4 54. Ka3 Rxc4 55. bxc4 Nxc4+ 56. Kb4 Nxd2 57. Rxf4 d5 58. g4 Ne4 59. Rf5 Nd6 60. Rf6 d4 61. g5 Kd5 62. g6 Ne4 63. Rf5+ Ke6 64. g7 Kxf5 65. g8=Q d3 66. Qd5+ Kf4 67. Qxd3 1-0